 Dungeon Crawl Stone Soup version 0.28-b1-1-g3c77fb2 (webtiles) character file.

Game seed: 12855739052290214980

85 BALLS the Slasher (level 4, -4/23 HPs)
             Began as a Vine Stalker Fighter on Jan 27, 2022.
             Killed by divine providence
             ... invoked by an orc priest
              (11 damage)
             ... on level 3 of the Dungeon.
             The game lasted 00:02:40 (1978 turns).

BALLS the Slasher (Vine Stalker Fighter)            Turns: 1978, Time: 00:02:41

Health: -4/23      AC:  7    Str: 21    XL:     4   Next: 48%
Magic:  0/5        EV:  9    Int:  8    God:
Gold:   86         SH:  4    Dex: 13    Spells: 3/3 levels left

rFire   . . .      SeeInvis .   a - +0 long sword
rCold   . . .      Faith    .   c - +0 buckler
rNeg    . . .      Spirit   +   b - +0 scale mail
rPois   .          Reflect  .   (no helmet)
rElec   .          Harm     .   (no cloak)
rCorr   .          Rampage  .   (no gloves)
Will    .....                   g - +0 pair of boots
Stlth   ..........              (no amulet)
HPRegen 0.87/turn               (no ring)
MPRegen 0.09/turn               (no ring)

@: lethally poisoned (-4 -> -5)
A: fangs 2, regeneration 1, magic shield, antimagic bite, no potion heal 2
a: no special abilities


You were on level 3 of the Dungeon.
You visited 1 branch of the dungeon, and saw 3 of its levels.

You collected 86 gold pieces.

Inventory:

Hand Weapons
 a - a +0 long sword (weapon)
Armour
 b - a +0 scale mail (worn)
 c - a +0 buckler (worn)
 g - a +0 pair of boots (worn)
Wands
 h - a wand of polymorph (7)
Scrolls
 j - a scroll of identify {unknown}
 k - a scroll of vulnerability {unknown}
 l - a scroll of torment {unknown}
Potions
 d - a potion of might
 e - 2 potions of flight {unknown}
 f - a potion of ambrosia {unknown}
 i - a potion of heal wounds {unknown}


   Skills:
 - Level 2.6 Fighting
 + Level 4.1 Long Blades
 - Level 2.4 Armour
 - Level 2.6 Shields


You had 3 spell levels left.
You didn't know any spells.
Your spell library contained the following spells:

 Spells                   Type           Power      Damage    Failure   Level
 Summon Guardian Golem    Hex/Summ       0%         N/A       99%         3
 Orb of Destruction       Conj           0%         9d5       100%        7
 Spellforged Servitor     Conj/Summ      0%         N/A       100%        7


Dungeon Overview and Level Annotations

Branches:
Dungeon (3/15)

Altars:
Ru


Innate Abilities, Weirdness & Mutations

You have extremely sharp teeth.
Your natural rate of healing is unusually fast.
When hurt, damage is shared between your health and your magic reserves.
Your bite disrupts and absorbs the magic of your enemies.
Potions cannot restore your health.


Message History

The adder bites you but does no damage.
You slash the adder!
You kill the adder!
You feel sick.
You feel sick.
You feel sick.
You feel sick.
You feel sick.
You feel sick.
You feel sick.
You are no longer poisoned.
You see here a +0 whip of pain.
Magic restored.
HP restored.
There is a sacrificial altar of Ru here.
An orc wizard and 2 orcs come into view.
The orc wizard is wielding a +1 dagger of venom.
The orc shouts!
The orc wizard shouts!
You hear a shout!
An orc priest comes into view. It is wielding a +0 hand axe.
The orc priest shouts!
You hear a shout!
An orc comes into view. It is wielding a +0 dagger.
You hear a shout! x3
The orc wizard hits you with a +1 dagger of venom.
You are poisoned.
The orc priest mumbles some strange prayers to Beogh against you.
Beogh smites you!
An orc comes into view. It is wielding a +0 dagger.
You closely miss the orc wizard. You bite the orc wizard.
The orc wizard's magic leaks into the air.
You drain its magic.
You feel invigorated.
The orc wizard is moderately wounded.
You feel very sick.
You feel sick.
An orc comes into view. It is wielding a +0 dagger.
You feel sick.
The orc shouts!
You feel sick.
The orc priest invokes the aid of Beogh against you.
Beogh smites you!
You die...

####.......# ###.....##.#
#.# ......#.# # #.#
###.....##.. ..#
##......... ...
##.#....##### ##.#
...#.....##.#.##.#
._......###.#.##.# #
...###..#.#.#.##@####o#.##
#####.............o.oooo.#
#..............######.##
.....#..#.#.#.#.##
...###..<.#.#.#.#
####..........#.#######
......................
.........#.###.#######
................#


You could see an orc priest, an orc wizard (magic disrupted) and 3 orcs.

Vanquished Creatures
  3 adders
  2 worms (D:2)
  A dart slug (D:2)
  6 ball pythons
  6 bats
  3 endoplasms
  3 giant cockroaches
  6 goblins (D:2)
  2 hobgoblins
  4 jackals
  2 quokkas
  7 kobolds
  3 rats
48 creatures vanquished.

Notes
Turn   | Place    | Note
-------+----------+-------------------------------------------
     0 | D:1      | BALLS the Vine Stalker Fighter began the quest for the Orb.
     0 | D:1      | Reached XP level 1. HP: 11/11 MP: 2/2
    27 | D:1      | Reached skill level 2 in Long Blades
   481 | D:1      | Reached XP level 2. HP: 15/16 MP: 3/3
   910 | D:1      | Reached skill level 3 in Long Blades
  1182 | D:2      | Reached XP level 3. HP: 19/19 MP: 4/4
  1625 | D:2      | Gained mutation: Your natural rate of healing is unusually
                  | fast. [Vine Stalker growth]
  1625 | D:2      | Reached XP level 4. HP: 22/23 MP: 5/5
  1693 | D:2      | Reached skill level 4 in Long Blades
  1884 | D:3      | Found a sacrificial altar of Ru.
  1978 | D:3      | Killed from afar by an orc priest

Illustrated notes

Levels and vault maps discovered:
D:1:      minmay_arrival_up_and_down, layout_basic
D:2:      layout_rooms, minmay_close_crescents
D:3:      layout_basic, mainiacjoe_overflow_catch_the_wave,
          ebering_ecumenical_altar_sacrificial, gammafunk_ghost_smash

Skill      XL: |  1  2  3  4 |
---------------+-------------+-----
Long Blades    | 2 3 4 |  4.1
Fighting       | |  2.6
Armour         | |  2.4
Shields        | |  2.6

Action                   |  1- 3 |  4- 6 || total
-------------------------+-------+-------++-------
Melee: Long sword        |    96 |    29 ||   125
       Bite              |    21 |     6 ||    27
  Use: Scroll            |     1 |       ||     1
Armor: Scale mail        |    41 |    12 ||    53
Dodge: Dodged            |    59 |     8 ||    67
Block: Buckler           |    25 |     4 ||    29
